 Dungeon Crawl Stone Soup version 0.32-a0-131-g9dbbe29261 (webtiles) character file.

Game seed: 5638739191603543062

1157 BubbleThief the Grappler (level 8, -3/80 HPs)
             Began as a Troll Fighter on Feb 8, 2024.
             Slain by a chaos spawn (6 damage)
             ... summoned by a kobold demonologist
             ... on level 6 of the Dungeon.
             The game lasted 00:03:53 (2928 turns).

BubbleThief the Grappler (Troll Fighter)            Turns: 2928, Time: 00:03:54

Health: -3/80      AC: -4    Str: 27      XL:     8   Next: 16%
Magic:  0/7        EV:  8    Int:  4      God:
Gold:   162        SH:  7    Dex:  8 (9)  Spells: 7/7 levels left

rFire   . .          .
                       - Unarmed
rCold   . . .        b - +0 kite shield
rNeg    . . .        a - +0 robe
rPois   .            (helmet restricted)
rElec   .            o - scarf {+Inv}
rCorr   .            (gloves unavailable)
SInv    .            (boots unavailable)
Will    .....        t - amulet of guardian spirit
Stlth   +            (no ring)
HPRegen 1.13/turn    (no ring)
MPRegen 0.10/turn

%: guardian spirit
@: corroded
A: large, unfitting armour, claws 3, regeneration 1, shaggy fur 1, tough skin 1
a: Evoke Invisibility


You were on level 6 of the Dungeon.
You visited 1 branch of the dungeon, and saw 6 of its levels.

You collected 162 gold pieces.

Inventory:

Missiles
 n - 3 silver javelins (quivered)
Armour
 a - a +0 robe (worn)
 b - a +0 kite shield (worn)
 o - a scarf of invisibility (worn)
Jewellery
 t - an amulet of guardian spirit (around neck)
Wands
 p - a wand of paralysis (6)
 w - a wand of light (13)
Scrolls
 d - 5 scrolls of identify {unknown}
 h - a scroll of fear {unknown}
 i - 2 scrolls of teleportation {unknown}
 l - a scroll of torment {unknown}
 m - a scroll of poison {unknown}
 q - a scroll of fog {unknown}
 s - a scroll of noise {unknown}
Potions
 c - a potion of might
 e - a potion of berserk rage {unknown}
 f - a potion of lignification {unknown}
 g - 3 potions of curing {unknown}
 j - 2 potions of mutation {unknown}
 k - a potion of heal wounds {unknown}
 r - 2 potions of attraction {unknown}
 u - a potion of enlightenment {unknown}
 v - a potion of brilliance {unknown}
 x - a potion of ambrosia {unknown}


   Skills:
 + Level 5.2 Fighting
 - Level 2.4 Dodging
 - Level 2.6 Shields
 * Level 8.2 Unarmed Combat


You had 7 spell levels left.
You didn't know any spells.
Your spell library was empty.

Dungeon Overview and Level Annotations

Branches:
Dungeon (6/15)
 Temple: D:4-7

Altars:
Dithmenos
Elyvilon
Qazlal
Wu Jian


Innate Abilities, Weirdness & Mutations

You are too large for most types of armour.
You have claws for hands.
Your natural rate of healing is unusually fast.
You are covered in fur. (AC +1)
You have tough skin. (AC +1)


Message History

The kobold demonologist gestures wildly while chanting.
You closely miss the kobold demonologist.
The kobold demonologist is moderately wounded.
You block the chaos spawn's attack.
The quasit bites you but does no damage.
The quasit claws you but does no damage. x2
The kobold demonologist gestures wildly while chanting.
You barely miss the kobold demonologist.
The kobold demonologist is moderately wounded.
You block the chaos spawn's attack.
The quasit bites you but does no damage.
The quasit claws you but does no damage.
The quasit claws you.
You block the kobold demonologist's attack.
You barely miss the kobold demonologist.
The kobold demonologist is moderately wounded.
The chaos spawn closely misses you. You block the quasit's attack.
The quasit claws you.
You feel clumsy. You block the quasit's attack.
The kobold demonologist begins to cast a cantrip, but forgets the words!
You scratch the kobold demonologist.
The kobold demonologist is heavily wounded.
The quasit barely misses you. x2
The quasit claws you but does no damage.
The rust devil hits you! The rust devil corrodes you!
The chaos spawn releases spores at you. The chaos spawn freezes you!
* * * LOW HITPOINT WARNING * * *
The kobold demonologist hits you with a +0 dagger.
* * * LOW HITPOINT WARNING * * *
The quasit bites you.
* * * LOW HITPOINT WARNING * * *
You block the quasit's attack. The quasit closely misses you.
Unknown command.
You closely miss the kobold demonologist.
The kobold demonologist is heavily wounded.
The rust devil hits you.
* * * LOW HITPOINT WARNING * * *
The rust devil corrodes you! The chaos spawn gores you.
You die...

...# ... ... ..# #.#
...# ###.###.# #.# #.#
...# ..#.#.....#.# #.#
#### #.#.#.#.#.#.# #.#
#.#.#.#...#.# #.# ###
#5#.#.#.###.# #.# ...
#5#.#.......####.# ###
#######K#.#.............
...
......4@#..#############
... ).....45.......>#
##. .....#########.##
####


You could see a rust devil (summoned), a kobold demonologist, a chaos spawn
(summoned), a quasit (summoned), a white imp (summoned) and a shadow imp
(summoned).

Vanquished Creatures
  Grinder (D:4)
  2 ogres (D:5)
  2 centaurs (D:5)
  2 phantoms
  A scorpion (D:6)
  A howler monkey (D:6)
  A hound (D:4)
  2 orc priests (D:5)
  2 jellies
  An iguana (D:5)
  An orc wizard (D:5)
  5 adders
  4 gnolls (D:4)
  A white imp (D:6)
  2 ufetubi (D:5)
  4 dart slugs
  A ribbon worm (D:2)
  15 orcs
  4 ball pythons
  3 bats
  An endoplasm (D:1)
  3 giant cockroaches
  6 goblins
  5 hobgoblins
  A quokka (D:1)
  2 frilled lizards
  6 kobolds
  A rat (D:1)
80 creatures vanquished.

Notes
Turn   | Place    | Note
-------+----------+-------------------------------------------
     0 | D:1      | BubbleThief the Troll Fighter began the quest for the Orb.
     0 | D:1      | Reached XP level 1. HP: 22/22 MP: 0/0
   170 | D:1      | Reached XP level 2. HP: 27/29 MP: 1/1
   217 | D:1      | Reached skill level 3 in Unarmed Combat
   343 | D:1      | Reached XP level 3. HP: 36/36 MP: 2/2
   728 | D:3      | Found a shadowy altar of Dithmenos.
   880 | D:3      | Reached XP level 4. HP: 45/45 MP: 3/3
   883 | D:3      | Found an ornate altar of the Wu Jian Council.
   884 | D:3      | Found a stormy altar of Qazlal.
  1453 | D:4      | Noticed Grinder
  1466 | D:4      | Killed Grinder
  1467 | D:4      | Reached skill level 5 in Unarmed Combat
  1467 | D:4      | Reached XP level 5. HP: 34/54 MP: 4/4
  1467 | D:4      | Reached XP level 6. HP: 39/62 MP: 5/5
  1654 | D:5      | Entered Level 5 of the Dungeon
  1696 | D:5      | Reached skill level 6 in Unarmed Combat
  1807 | D:5      | Reached XP level 7. HP: 58/71 MP: 6/6
  1926 | D:5      | Reached skill level 7 in Unarmed Combat
  2257 | D:5      | Reached skill level 5 in Fighting
  2495 | D:6      | Reached XP level 8. HP: 75/80 MP: 4/7
  2552 | D:6      | Reached skill level 8 in Unarmed Combat
  2689 | D:6      | Found a white marble altar of Elyvilon.
  2915 | D:6      | Noticed a kobold demonologist
  2925 | D:6      | Noticed a rust devil
  2927 | D:6      | HP: 4/80 [quasit[a kobold demonologist] (1)]
  2928 | D:6      | Slain by a chaos spawn

Illustrated notes

Levels and vault maps discovered:
D:1:      dpeg_arrival_pits, layout_loops_cross
D:2:      layout_loops_ring, basic_altar
D:3:      layout_loops_ring, nicolae_dithmenos_through_a_glass_darkly,
          nicolae_overflow_squiral
D:4:      layout_basic, nicolae_overflow_crystal_walls,
          minmay_temple_entry_statues, uniq_grinder
D:5:      layout_basic, serial_bayou_crossing
D:6:      layout_basic, mainiacjoe_overflow_surrounded_room, lemuel_tele_altar,
          cheibrodos_ashenzari_chains, uniq_blork_the_orc

Skill      XL: |  1  2  3  4  5  6  7  8 |
---------------+-------------------------+-----
Unarmed Combat | 3 5 6 7 8 |  8.2
Fighting       | 3 4 5 |  5.2
Dodging        | |  2.4
Shields        | |  2.6

Action                     |  1- 3 |  4- 6 |  7- 9 || total
---------------------------+-------+-------+-------++-------
  Melee: Unarmed           |    83 |    77 |    63 ||   223
   Stab: Sleeping          |     1 |       |       ||     1
 Armour: Robe              |    25 |    44 |    49 ||   118
  Dodge: Dodged            |    31 |    21 |    17 ||    69
  Block: Kite shield       |    22 |    26 |    28 ||    76

Table legend: (Time is in decaauts)
 A = Elapsed time spent in this place.
 B = Non-inter-level travel time spent in this place.
 C = Inter-level travel time spent in this place.
 D = Time resting spent in this place.
 E = Time spent auto-exploring this place.
 F = Levels seen in this place.
 G = Mean time per level.
                   A        B        C        D        E       F      G
               +--------+--------+--------+--------+--------+-----+--------+
         Total |   2930 |   2857 |     73 |      0 |   2366 |   6 |  488.3 |
       Dungeon |   2930 |   2857 |     73 |      0 |   2366 |   6 |  488.3 |
               +--------+--------+--------+--------+--------+-----+--------+

Top non-repeatable levels by time:
     D:5: 800 daAuts
     D:3: 756 daAuts
     D:1: 584 daAuts
     D:6: 470 daAuts
     D:4: 220 daAuts
     D:2: 98 daAuts
